 Dungeon Sprint DCSS version 0.30.1 (webtiles) character file.

Game seed: 3019145279909051027

2867 boopmooplesden the Spear-Bearer (level 9, -8/93 HPs)
             Began as a Purple Draconian Berserker on July 4, 2023.
             Was a Priest of Trog.
             Mangled by a redback (13 damage)
             ... in the Dungeon (Sprint I: "Red Sonja").
             The game lasted 00:02:14 (1525 turns).

boopmooplesden the Spear-Bearer (DrBe)              Turns: 1525, Time: 00:02:15

Health: -8/93      AC:  9    Str: 24    XL:     9   Next: 47%
Magic:  9/9        EV: 16    Int:  7    God:    Trog [***...]
Gold:   513        SH:  0    Dex: 11    Spells: 8/8 levels left

rFire   . . .        a - +0 spear
rCold   . . .        (no shield)
rNeg    . . .        (body armour unavailable)
rPois   .            (helmet restricted)
rElec   .            (no cloak)
rCorr   .            m - +0 pair of gloves
SInv    .            n - +0 pair of boots
Will    +....        (no amulet)
Stlth   ++           (no ring)
HPRegen 0.35/turn    (no ring)
MPRegen 0.11/turn

%: no teleportation
@: lethally poisoned (-8 -> -52), on berserk cooldown, slowed, very slow
A: breathe power, AC +7, unfitting armour, cold-blooded
a: Breathe Dispelling Energy, Renounce Religion, Berserk, Trog's Hand


You were in the Dungeon.
You worshipped Trog.
Trog was most pleased with you.
You visited 1 branch You collected 629 gold pieces.
You spent 116 gold pieces at shops.

Inventory:

Hand Weapons
 a - a +0 spear (weapon)
Armour
 m - a +0 pair of gloves (worn)
 n - a +0 pair of boots (worn)
Wands
 h - a wand of acid (12)
Scrolls
 g - 2 scrolls of fog {unknown}
 k - a scroll of identify {unknown}
 l - a scroll of silence {unknown}
Potions
 b - a potion of curing
 d - a potion of haste
 e - 2 potions of magic
 f - a potion of berserk rage
 i - a potion of cancellation {unknown}
 j - a potion of flight {unknown}


   Skills:
 + Level 13.3 Fighting
 + Level 14.3 Polearms
 + Level 11.6 Dodging
 + Level 1.2 Stealth


You had 8 spell levels left.
You didn't know any spells.
Your spell library was empty.

Dungeon Overview and Level Annotations

Branches:
Dungeon (1/1)

Altars:
Cheibriados
Dithmenos
Elyvilon
Fedhas
Gozag
Hepliaklqana
Kikubaaqudgha
Makhleb
Nemelex Xobeh
Okawaru
Qazlal
Ru
Sif Muna
Trog
Uskayaw
Vehumet
Wu Jian
Xom
Yredelemnul
Zin
The Shining One
Jiyva
Lugonu

Shops:
D ?[


Innate Abilities, Weirdness & Mutations

You can breathe bolts of dispelling energy.
Your rich purple scales are hard. (AC +7)
You cannot fit into any form of body armour.
You are cold-blooded and may be slowed by cold attacks.


Message History

The redback bites you.
The redback bites you but does no damage.
You closely miss the redback.
Your tail-slap misses the redback.
The redback is severely wounded.
The redback closely misses you. The redback bites you!
* * * LOW HITPOINT WARNING * * *
You miss the redback.
The redback is severely wounded.
The redback barely misses you.
The redback bites you but does no damage.
The redback bites you but does no damage.
The redback closely misses you. The redback bites you.
* * * LOW HITPOINT WARNING * * *
The redback closely misses you. The redback completely misses you.
You see here 27 gold pieces.
The redback bites you.
* * * LOW HITPOINT WARNING * * *
You feel much better. The redback misses you.
The redback completely misses you.
You hit the redback.
The redback is heavily wounded.
The redback bites you.
You barely miss the redback. You tail-slap the redback.
The redback is severely wounded.
The redback bites you.
You are lethally poisoned!
The redback poisons you!
You hit the redback.
Your tail-slap misses the redback.
The redback is almost dead.
* * * LOW HITPOINT WARNING * * *
You feel extremely sick. The redback bites you!
* * * LOW HITPOINT WARNING * * *
The redback bites you!
* * * LOW HITPOINT WARNING * * *
You feel better. The redback bites you!
* * * LOW HITPOINT WARNING * * *
You are lethally poisoned!
The redback poisons you! The redback bites you!
You die...

#####'#__####
#...#)####§§####
#..##(#~~~§§#..#
##'#_.'~§~).'§.#
.'..._#§§§§§#.§#
##_.#'##'#####'###
###+#.#..[.###.'s#
# ####[###)###s#
+.....'.∩##@#
###########§# #§#
+$# #.# #§# +§#


You could see 2 redbacks.

Vanquished Creatures
  2 centaur warriors (D)
  A deep troll (D)
  An oklob plant (D)
  A hornet (D)
  Sigmund (D)
  A slime creature (D)
  A yak (D)
  An ogre (D)
  A jelly (D)
  Ijyb (D)
11 creatures vanquished.

Notes
Turn   | Place    | Note
-------+----------+-------------------------------------------
     0 | D        | boopmooplesden the Draconian Berserker began the quest for
                  | the Orb.
     0 | D        | Reached XP level 1. HP: 19/19 MP: 1/1
     1 | D        | Noticed Ijyb
    11 | D        | Killed Ijyb
    12 | D        | Reached skill level 4 in Polearms
    12 | D        | Reached XP level 2. HP: 24/28 MP: 2/2
   154 | D        | Noticed an ogre
   158 | D        | Killed an ogre
   159 | D        | Reached skill level 6 in Polearms
   159 | D        | Reached skill level 5 in Dodging
   159 | D        | Reached XP level 3. HP: 38/38 MP: 3/3
   159 | D        | Reached XP level 4. HP: 45/45 MP: 4/4
   391 | D        | Noticed Sigmund
   423 | D        | Killed Sigmund
   423 | D        | Reached ** piety under Trog
   424 | D        | Reached skill level 8 in Polearms
   424 | D        | Reached XP level 5. HP: 27/53 MP: 5/5
   424 | D        | Reached XP level 6. HP: 31/61 MP: 6/6
   700 | D        | Found a burning altar of Makhleb.
   700 | D        | Found a viscous altar of Jiyva.
   700 | D        | Found a shimmering altar of Xom.
   700 | D        | Found a corrupted altar of Lugonu.
   700 | D        | Noticed a slime creature
   708 | D        | Killed a slime creature
   709 | D        | Reached skill level 9 in Polearms
   756 | D        | Found an ornate altar of the Wu Jian Council.
   756 | D        | Found a shimmering blue altar of Sif Muna.
   758 | D        | Found a radiant altar of Vehumet.
   786 | D        | Found Ubelush's Magic Scroll Emporium.
   786 | D        | Found an ancient bone altar of Kikubaaqudgha.
   786 | D        | Found a hazy altar of Hepliaklqana.
   786 | D        | Found a hide-covered altar of Uskayaw.
   786 | D        | Found a basalt altar of Yredelemnul.
   786 | D        | Found an opulent altar of Gozag.
   786 | D        | Found a snail-covered altar of Cheibriados.
   786 | D        | Found a sacrificial altar of Ru.
   786 | D        | Found a shadowy altar of Dithmenos.
   786 | D        | Noticed a yak
   795 | D        | Killed a yak
   796 | D        | Reached skill level 10 in Polearms
   796 | D        | Your scales start taking on a rich purple colour.
   796 | D        | Reached XP level 7. HP: 51/71 MP: 7/7
   796 | D        | Found a stormy altar of Qazlal.
   796 | D        | Found a blossoming altar of Fedhas.
   796 | D        | Found a bloodstained altar of Trog.
   796 | D        | Found an iron altar of Okawaru.
   796 | D        | Found a glowing golden altar of the Shining One.
   796 | D        | Found a glowing silver altar of Zin.
   796 | D        | Found a white marble altar of Elyvilon.
   797 | D        | Found a sparkling altar of Nemelex Xobeh.
   915 | D        | Noticed a centaur warrior
   915 | D        | Noticed a centaur warrior
   929 | D        | Killed a centaur warrior
   929 | D        | Reached *** piety under Trog
   930 | D        | Reached skill level 11 in Polearms
   930 | D        | Reached XP level 8. HP: 39/82 MP: 8/8
   939 | D        | Killed a centaur warrior
   940 | D        | Reached skill level 13 in Polearms
   940 | D        | Reached skill level 10 in Dodging
  1223 | D        | Noticed a hornet
  1233 | D        | Paralysed by a hornet for 1 turns
  1240 | D        | Killed a hornet
  1241 | D        | Reached XP level 9. HP: 84/90 MP: 9/9
  1314 | D        | Noticed a deep troll
  1331 | D        | Killed a deep troll
  1332 | D        | Reached skill level 14 in Polearms
  1343 | D        | Found Quedea's Armour Emporium.
  1359 | D        | Bought a +0 pair of gloves for 58 gold pieces
  1359 | D        | Bought a +0 pair of boots for 58 gold pieces
  1492 | D        | Noticed an oklob plant
  1511 | D        | Killed an oklob plant
  1512 | D        | Reached skill level 1 in Stealth
  1525 | D        | Mangled by a redback

Illustrated notes

Levels and vault maps discovered:
D:        dungeon_sprint_1 [red_sonja_temple_1, red_sonja_temple_small_1]

Skill      XL: |  1  2  3  4  5  6  7  8  9 |
---------------+----------------------------+-----
Fighting       | 4 6 8 9 11 12 13 | 13.3
Polearms       | 4 6 8 10 11 13 14 | 14.3
Dodging        | 4 5 7 8 9 10 11 | 11.6
Stealth        | 1 |  1.2

Action                     |  1- 3 |  4- 6 |  7- 9 || total
---------------------------+-------+-------+-------++-------
  Melee: Spear             |    12 |    42 |    74 ||   128
         Tailslap          |     3 |     5 |    13 ||    21
         Punch             |       |     2 |     1 ||     3
 Invoke: Berserk           |     2 |     3 |     4 ||     9
    Use: Scroll            |       |       |     1 ||     1
         Potion            |       |       |     2 ||     2
 Armour: Skin              |       |     5 |    19 ||    24
  Dodge: Dodged            |     3 |    11 |    45 ||    59
